 Dungeon Crawl Stone Soup version 0.28.0-43-g3370ac3207 (webtiles) character file.

Game seed: 7963735697792142289

2314 Orthodox the Slicer (level 9, -4/60 HPs)
             Began as a Kobold Fighter on Mar 24, 2022.
             Slain by a troll (12 damage)
             ... on level 8 of the Dungeon.
             The game lasted 00:24:51 (12528 turns).

Orthodox the Slicer (Kobold Fighter)               Turns: 12528, Time: 00:24:52

Health: -4/60      AC: 10    Str: 24    XL:     9   Next: 68%
Magic:  9/9        EV: 11    Int:  9    God:
Gold:   410        SH:  6    Dex: 16    Spells: 8/8 levels left

rFire   . . .      SeeInvis .   a - +0 rapier
rCold   . . .      Faith    .   c - +0 buckler
rNeg    . . .      Spirit   .   b - +0 scale mail
rPois   +          Reflect  .   (no helmet)
rElec   .          Harm     .   r - +0 cloak
rCorr   +          Rampage  .   f - +0 pair of gloves of Hedging {rPois Str+2}
Will    .....                   C - +1 pair of boots
Stlth   +.........              (no amulet)
HPRegen 0.20/turn               J - +6 ring of strength
MPRegen 0.11/turn               y - ring of resist corrosion

@: studying Spellcasting
A: small, no large weapons, nightstalker 3
a: no special abilities


You were on level 8 of the Dungeon.
You visited 2 branches of the dungeon, and saw 9 of its levels.
You also visited: Sewer.

You collected 410 gold pieces.

Inventory:

Hand Weapons
 a - a +0 rapier (weapon)
Armour
 b - a +0 scale mail (worn)
 c - a +0 buckler (worn)
 f - the +0 pair of gloves of Hedging (worn) {rPois Str+2}
   (You acquired it on level 1 of the Dungeon)

   Str:       It affects your strength (+2).
   rPois:     It protects you from poison.
 r - a +0 cloak (worn)
 C - a +1 pair of boots (worn)
Jewellery
 y - a ring of resist corrosion (right hand)
 J - a +6 ring of strength (left hand)
Wands
 p - a wand of flame (13)
 A - a wand of charming (8)
 G - a wand of iceblast (8)
Scrolls
 h - 2 scrolls of torment
 i - a scroll of enchant armour {unknown}
 j - 3 scrolls of teleportation
 k - a scroll of silence
 n - a scroll of vulnerability {unknown}
 o - 2 scrolls of fear
 q - a scroll of immolation {unknown}
 s - 2 scrolls of amnesia {unknown}
 t - a scroll of enchant weapon {unknown}
 v - a scroll of summoning {unknown}
 w - 4 scrolls of magic mapping
 D - 2 scrolls of blinking {unknown}
 F - a scroll of noise {unknown}
 I - a scroll of holy word {unknown}
Potions
 d - a potion of might
 e - a potion of berserk rage {unknown}
 g - 2 potions of heal wounds
 l - a potion of brilliance {unknown}
 m - a potion of resistance {unknown}
 u - a potion of invisibility {unknown}
 x - a potion of curing {unknown}
 z - a potion of lignification {unknown}
 E - a potion of flight {unknown}
 H - a potion of ambrosia {unknown}


   Skills:
 + Level 9.2 Fighting
 + Level 10.6 Short Blades
 - Level 2.4 Armour
 * Level 5.0 Shields


You had 8 spell levels left.
You didn't know any spells.
Your spell library contained the following spells:

 Spells                   Type           Power      Damage    Failure   Level
 Foxfire                  Conj/Fire      0%         2x1d4     82%         1
 Ensorcelled Hibernation  Hex/Ice        0%         N/A       91%         2
 Conjure Flame            Conj/Fire      0%         6-21      99%         3
 Ignite Poison            Fire/Tmut/Pois 0%         N/A       99%         3
 Inner Flame              Hex/Fire       0%         N/A       99%         3
 Spider Form              Tmut/Pois      0%         N/A       99%         3
 Anguish                  Hex/Necr       0%         N/A       100%        4
 Flame Wave               Conj/Fire      0%         2d4       100%        4
 Sticky Flame             Conj/Fire      0%         2d3       100%        4


Dungeon Overview and Level Annotations

Branches:
Dungeon (8/15)             Temple (1/1) D:5           Sewer (visited)
   Lair: D:8-11

Altars:
Ashenzari
Cheibriados
Dithmenos
Elyvilon
Fedhas
Gozag
Hepliaklqana
Kikubaaqudgha
Nemelex Xobeh
Okawaru
Qazlal
Ru
Vehumet
Wu Jian
Xom
Yredelemnul
Zin
The Shining One

Shops:
D:6 (


Innate Abilities, Weirdness & Mutations

You are small and have problems with some larger weapons.
You are completely attuned to the shadows.


Message History

The troll claws you but does no damage.
You take 2 damage, and have 26/60 hp.
You hit the troll but do no damage.
The troll is heavily wounded.
You puncture the troll!
The troll is severely wounded.
The troll bites you!
* * * LOW HITPOINT WARNING * * *
The troll misses you. The troll claws you.
* * * LOW HITPOINT WARNING * * *
You closely miss the troll.
The troll is severely wounded.
The troll closely misses you. The troll claws you but does no damage.
You block the troll's attack.
You hit the troll.
The troll is severely wounded.
You hit the troll but do no damage.
The troll is severely wounded.
The troll bites you but does no damage. The troll barely misses you. x2
You take 13 damage, and have 14/60 hp.
MASSIVE DAMAGE!!
You closely miss the troll.
The troll is severely wounded.
The troll bites you!
* * * LOW HITPOINT WARNING * * *
You block the troll's attack. The troll closely misses you.
You hit the troll but do no damage.
The troll is severely wounded.
The troll misses you. The troll closely misses you.
You block the troll's attack.
You barely miss the troll.
The troll is severely wounded.
You take 6 damage, and have 8/60 hp.
You hit the troll.
The troll is severely wounded.
The troll bites you but does no damage. The troll barely misses you.
The troll claws you but does no damage.
You barely miss the troll.
The troll is severely wounded.
The troll bites you!
You die...

## #.....# ##.# ###...#####
##..####......^#.
#.....#....#.....
#<........######.
###...............
#....#...........#
###...##.........###
#..@T#####..........
#####...#####...........
#..#...................#
##.....................##
###.........#...........###
#.......<...#........<.....
#......####....####........
#.....## #...######........
#...### #....###..........


You could see a troll.

Vanquished Creatures
  A steam dragon (D:8)
  2 water moccasins (D:7)
  Duvessa (D:4)
  Pargi (Sewer)
  An ice beast (D:6)
  3 ogres
  3 centaurs (D:6)
  2 scorpions
  A wyvern zombie (D:8)
  Dowan (D:4)
  4 wights (D:7)
  A howler monkey (D:5)
  A hound (D:5)
  3 centaur zombies
  A jelly (D:4)
  3 orc priests
  2 bullfrog skeletons
  A centaur skeleton (D:4)
  4 iguanas
  A gnoll shaman (D:7)
  Ijyb (D:5)
  An orc wizard (D:4)
  A hound skeleton (D:3)
  4 gnolls (D:7)
  A howler monkey skeleton (D:5)
  8 adders
  A shadow imp (D:5)
  A white imp (D:5)
  An ufetubus (D:7)
  An adder skeleton (D:4)
  2 worms
  A dart slug (D:5)
  14 orcs
  5 bats
  11 endoplasms
  5 giant cockroaches
  7 goblins
  6 hobgoblins
  4 jackals (D:1)
  4 quokkas
  5 ball pythons
  6 frilled lizards
  A jackal skeleton (D:4)
  8 kobolds
  2 rats
138 creatures vanquished.

Vanquished Creatures (others)
  A fungus (D:3)
  4 plants
5 creatures vanquished.

Grand Total: 143 creatures vanquished

Notes
Turn   | Place    | Note
-------+----------+-------------------------------------------
     0 | D:1      | Orthodox the Kobold Fighter began the quest for the Orb.
     0 | D:1      | Reached XP level 1. HP: 14/14 MP: 1/1
    36 | D:1      | Reached skill level 3 in Short Blades
   159 | D:1      | Reached XP level 2. HP: 14/19 MP: 2/2
   821 | D:1      | Reached XP level 3. HP: 19/24 MP: 3/3
  1083 | D:1      | Identified a scroll of acquirement
  1086 | D:1      | Acquired the +0 pair of gloves of Hedging {rPois Str+2}
  1593 | D:2      | Found a faded altar of an unknown god.
  1817 | D:2      | Reached skill level 4 in Short Blades
  1965 | D:2      | Reached XP level 4. HP: 26/29 MP: 4/4
  2788 | D:3      | Reached XP level 5. HP: 30/34 MP: 5/5
  2897 | D:3      | Reached skill level 5 in Short Blades
  3097 | D:3      | Found a glowing silver altar of Zin.
  3180 | D:3      | Found an iron altar of Okawaru.
  3212 | D:3      | Reached skill level 5 in Fighting
  3757 | D:3      | Reached XP level 6. HP: 36/40 MP: 6/6
  3862 | D:3      | You fall into a shaft and drop 3 floors!
  3890 | D:6      | Reached skill level 6 in Short Blades
  3932 | D:6      | Found a sacrificial altar of Ru.
  4322 | D:6      | Noticed an ice beast
  4368 | D:6      | Killed an ice beast
  4369 | D:6      | Reached skill level 7 in Short Blades
  4369 | D:6      | Reached XP level 7. HP: 39/47 MP: 7/7
  4640 | D:5      | Entered Level 5 of the Dungeon
  4923 | D:4      | Found a glowing drain.
  4979 | Sewer    | Entered a sewer
  5035 | Sewer    | Noticed Pargi
  5066 | Sewer    | Killed Pargi
  5067 | Sewer    | Reached skill level 8 in Short Blades
  5067 | Sewer    | Reached XP level 8. HP: 26/53 MP: 8/8
  5590 | D:4      | Found a hazy altar of Hepliaklqana.
  5601 | D:4      | Noticed Duvessa
  6479 | D:4      | Killed Duvessa
  6480 | D:4      | Reached skill level 9 in Short Blades
  6493 | D:4      | Noticed Dowan
  6604 | D:4      | Killed Dowan
  7421 | D:5      | Noticed Ijyb
  7434 | D:5      | Killed Ijyb
  7814 | D:5      | Found a staircase to the Ecumenical Temple.
  8587 | Temple   | Entered the Ecumenical Temple
  9205 | D:6      | Reached XP level 9. HP: 21/60 MP: 9/9
  9618 | D:6      | Found Duicask's Weapon Shoppe.
 10118 | D:7      | Reached skill level 10 in Short Blades
 10239 | D:7      | Found a basalt altar of Yredelemnul.
 12169 | D:8      | Found a radiant altar of Vehumet.
 12193 | D:8      | Reached skill level 5 in Shields
 12386 | D:8      | Noticed a troll
 12528 | D:8      | Slain by a troll

Illustrated notes

Levels and vault maps discovered:
D:1:      elethiomel_arrival_maze, layout_rooms
D:2:      layout_loops_ring, serial_forest, infiniplex_forest_corner_2,
          infiniplex_forest_end_1, infiniplex_forest_clump_small,
          infiniplex_forest_end_double, infiniplex_forest_end_1,
          infiniplex_forest_fountain, basic_ecumenical_altar
D:3:      layout_basic, mainiacjoe_overflow_chevrons, okawaru_metal_pillars_1_2
D:4:      layout_loops_corners, mainiacjoe_overflow_small_starburst,
          gup_sewer_entry_glass, uniq_duvessa
D:5:      layout_basic, minmay_temple_entry_gardened_gates, uniq_ijyb
D:6:      layout_loops_cross, nicolae_ru_the_path_less_chosen, serial_shops,
          nicolae_shop_trees, minmay_manual_mares
D:7:      layout_loops_ring, lemuel_crystal_altar, grunt_ogre_cave
D:8:      layout_cave_pools, nzn_overflow_gifts_of_might_and_magic,
          nicolae_vehumet_altar_sigil, david_lair_generic
Temple:   hc_temple_tempest_star

Skill      XL: |  1  2  3  4  5  6  7  8  9 |
---------------+----------------------------+-----
Short Blades   | 3 4 5 7 8 9 10 | 10.6
Fighting       | 4 5 6 7 8 9 |  9.2
Shields        | 3 5 |  5.0
Armour         | |  2.4

Action                   |  1- 3 |  4- 6 |  7- 9 || total
-------------------------+-------+-------+-------++-------
Melee: Rapier            |   118 |   170 |   474 ||   762
Throw: Dart              |       |       |     5 ||     5
       Throwing net      |       |       |     1 ||     1
  Use: Scroll            |     5 |     2 |     2 ||     9
 Stab: Sleeping          |       |     1 |       ||     1
       Distracted        |       |       |     1 ||     1
Armor: Scale mail        |    48 |    71 |   159 ||   278
Dodge: Dodged            |    48 |    62 |   159 ||   269
Block: Buckler           |    33 |    43 |    83 ||   159
